AoeStats
← Irving Legend

African Clearing

510746528Analyzed
2v2 RM · 18h ago on Oct 2, 2026· 28m 45s· 4 players
Game mode
Random Map
Map size
Medium (4 player)
Population
200
Speed
Normal
Resources
Standard
Victory
Conquest
Starting age
Dark Age
Ending age
Imperial Age
RankedLock teamsTeams togetherTeam positionsShared explorationLock speedFull tech treeHidden civsTurbo modeCheats
Victory
Defeat
🇨🇦 Varangians · Canada
1109
+19
🇨🇴 Huns · Colombia
1063
+20
🇨🇳 Saxons · China
1179
-20
🇩🇪 Hindustanis · Germany
1154
-19
Trob
6:23 Loom
13:39 Feudal Age
15:49 Double-Bit Axe
21:13 Castle Age
19:41 Fletching
19:52 Padded Archer Armor
21:39 Crossbowman
22:35 Pikeman
26:01 Husbandry
LGD Méin
6:16 Loom
13:31 Feudal Age
17:19 Castle Age
15:16 Double-Bit Axe
19:12 Gold Mining
22:39 Sanctity
28:08 Horse Collar
29:12 Wheelbarrow
Thousk_
12:35 Feudal Age
14:02 Feudal Age
15:36 Double-Bit Axe
18:14 Castle Age
17:26 Bloodlines
17:24 Scale Barding Armor
19:10 Forging
20:37 Chain Barding Armor
22:36 Horse Collar
Irving Legend
8:45 Loom
11:24 Feudal Age
11:36 Man-at-Arms
12:02 Double-Bit Axe
11:58 Horse Collar
20:49 Castle Age
19:08 Scale Mail Armor
19:33 Forging
20:36 Gold Mining
21:52 Squires
21:38 Gambesons
21:59 Arson
22:43 Bow Saw
23:35 Chain Mail Armor
24:02 Wheelbarrow
Connection lost

Rejoining the realm…

Still unreachable

The connection could not be restored.

Session expired

The server has moved on; the page needs a fresh start.